 Dungeon Crawl Stone Soup version 0.21-a0-450-gd87a9b2 (webtiles) character file.

124 rgaf the Cudgeler (level 4, -4/33 HPs)
             Began as a Demonspawn Warper on Nov 18, 2017.
             Slain by a centaur zombie (7 damage)
             ... on level 6 of the Dungeon.
             The game lasted 00:02:09 (1777 turns).

rgaf the Cudgeler (Demonspawn Warper)               Turns: 1777, Time: 00:02:10

Health: -4/33      AC:  9    Str: 13    XL:     4   Next: 81%
Magic:  7/7        EV: 11    Int: 14    God:
Gold:   85         SH:  0    Dex: 12    Spells: 7/7 levels left

rFire    . . .     SeeInvis .   a - +0 mace
rCold    . . .     Gourm    .   (no shield)
rNeg     . . .     Faith    .   g - +2 ring mail {rPois}
rPois    +         Spirit   .   (no helmet)
rElec    .         Reflect  .   (no cloak)
rCorr    .         Harm     .   (no gloves)
MR       .....                  (no boots)
Stlth    +.........             (no amulet)
HPRegen  0.11/turn              (no ring)
MPRegen  0.10/turn              (no ring)

@: no status effects
A: slimy green scales 1, spiny 1
a: no special abilities


You were on level 6 of the Dungeon.
You were hungry.

You visited 1 branch of the dungeon, and saw 4 of its levels.

You collected 85 gold pieces.

Inventory:

Hand Weapons
 a - a +0 mace (weapon)
Missiles
 e - 5 tomahawks of dispersal (quivered)
Armour
 b - a +0 leather armour
 g - a +2 ring mail of poison resistance (worn)
Scrolls
 d - a scroll of blinking
 h - a scroll of fear {unknown}
 l - a scroll of remove curse {unknown}
 n - a scroll of enchant armour {unknown}
 o - a scroll of enchant weapon {unknown}
 p - 2 scrolls of identify {unknown}
Potions
 k - a potion of flight {unknown}
 m - a potion of degeneration {unknown}
 q - a potion of resistance {unknown}
Books
 c - a book of Spatial Translocations

   Spells                             Type                      Level
   a - Blink                          Translocation                2
   b - Shroud of Golubria             Charms/Translocation         2
   c - Lesser Beckoning               Translocation                3
   d - Gell's Gravitas                Translocation                3
   e - Teleport Other                 Translocation                3
   f - Passage of Golubria            Translocation                4
Comestibles
 f - 3 bread rations
 i - 4 meat rations


   Skills:
 - Level 2.0 Fighting
 + Level 4.6 Maces & Flails
 - Level 0.8 Throwing
 - Level 0.8 Armour
 - Level 1.7 Dodging
 - Level 2.0 Spellcasting
   Level 2.6 Translocations


You had 7 spell levels left.
You didn't know any spells.

Dungeon Overview and Level Annotations

Branches:
Dungeon (3/15)

Altars:
Makhleb

Annotations:
D:6 jujuben's ghost, novice MiGl


Innate Abilities, Weirdness & Mutations

You are partially covered in slimy green scales. (AC +2)
You are partially covered in sharp spines.


Message History

The orc closely misses you.
Found a stone staircase leading down.
An orc comes into view. It is wielding a trident.
An orc wizard comes into view. It is wielding a dagger.
The orc wizard shouts!
The centaur zombie is struck by your spines.
The centaur zombie barely misses you. The hound is struck by your spines.
The hound barely misses you.
The orc wizard gestures wildly while chanting.
The orc wizard blinks!
Jujuben's ghost hits you!
Jujuben's ghost is struck by your spines.
Jujuben's ghost hits you!
* * * LOW HITPOINT WARNING * * *
The hound stops to sniff the ground.
The hound is struck by your spines. The hound bites you but does no damage.
The centaur zombie hits you.
* * * LOW HITPOINT WARNING * * *
The hound pauses to sniff the ground.
The centaur zombie hits you!
You die...

..........W+
....
>..#.#.o..o#
.#.. . #
#..o.o### .. [
######..#.#...
#h.......
#.##..... #.#
##.# #h#####.#
#.Z@....#
#########


You could see a hound and a centaur zombie.

Vanquished Creatures
  2 hounds
  An adder (D:2)
  An ooze (D:1)
  A worm (D:2)
  2 dart slugs
  A leopard gecko (D:1)
  7 bats
  A giant cockroach (D:1)
  7 goblins
  6 hobgoblins
  2 kobolds (D:1)
  A frilled lizard (D:2)
  8 rats
40 creatures vanquished.

Notes
Turn   | Place    | Note
-------+----------+-------------------------------------------
     0 | D:1      | rgaf the Demonspawn Warper began the quest for the Orb.
     0 | D:1      | Reached XP level 1. HP: 16/16 MP: 3/3
    88 | D:1      | Reached skill level 2 in Maces & Flails
   193 | D:1      | Gained mutation: You are partially covered in sharp spines. [demonic ancestry]
   193 | D:1      | Reached XP level 2. HP: 22/22 MP: 5/5
   582 | D:1      | Reached skill level 3 in Maces & Flails
   742 | D:1      | Gained mutation: You are partially covered in slimy green scales. (AC +2) [demonic ancestry]
   742 | D:1      | Reached XP level 3. HP: 22/27 MP: 6/6
   936 | D:2      | Found a burning altar of Makhleb.
  1150 | D:2      | Reached XP level 4. HP: 32/33 MP: 7/7
  1155 | D:2      | Reached skill level 4 in Maces & Flails
  1694 | D:3      | You fall through a shaft for 3 floors!
  1701 | D:6      | Noticed jujuben's ghost (novice MiGl)
  1765 | D:6      | Noticed an orc warrior
  1777 | D:6      | Slain by a centaur zombie

Vault maps used:
D:1:      minmay_arrival_solitary_statue, minmay_surrounded
D:2:      makhleb_heckhound_becter
D:3:      nrook_mini_vaults, serial_bayou_crossing
D:6:      st_stairs_13, supply_closet_lemuel, uniq_grinder

Skill      XL: |  1  2  3  4 |
---------------+-------------+-----
Maces & Flails | 2 3 4 |  4.6
Fighting       | |  2.0
Throwing       | |  0.8
Armour         | |  0.8
Dodging        | |  1.7
Spellcasting   | |  2.0
Translocations | |  2.6

Action                   |  1- 3 |  4- 6 || total
-------------------------+-------+-------++-------
Melee: Mace              |    81 |    28 ||   109
  Eat: Chunk             |     1 |     1 ||     2
Armor: Ring mail         |    39 |    17 ||    56
Dodge: Dodged            |    57 |    20 ||    77

Table legend:
 A = Spawn XP
 B = Non-spawn XP
 C = Spawn XP percentage of total XP
 D = Spawn monster count
 E = Non-spawn monster count
 F = Spawn count percentage of total count
 G = Total turns spent on level
                    A         B        C        D         E        F      G
               +---------+---------+-------+---------+---------+-------+---------
         Total |       0 |     178 |   0.0 |       0 |      40 |   0.0 |  1777
               +---------+---------+-------+---------+---------+-------+---------
           D:1 |       0 |      46 |   0.0 |       0 |      22 |   0.0 |   889
           D:2 |       0 |      83 |   0.0 |       0 |      15 |   0.0 |   777
           D:3 |       0 |       6 |   0.0 |       0 |       2 |   0.0 |    28
           D:6 |       0 |      43 |   0.0 |       0 |       1 |   0.0 |    83
               +---------+---------+-------+---------+---------+-------+---------
